Map: Ruins of Endion

Players

wocaishisb - Winner!

  • Race: Zerg Zerg
  • League: Master

hirekui

  • Race: Terran Terran
  • League: Master

VOD

Have the link to the VOD?

Description

Time

  • Played on: July 2, 2016, 1:16 a.m.
  • Length: 11:03
Show
View Real Time Build Order
Export as new Build Order

wocaishisb Zerg - Winner!

Build Orders: Pool First 

Get SALT Encoding   

  12  0:03  Drone  
  13  0:08  Drone  
  14  0:18  Overlord  
  14  0:25  Drone, Extractor  
  15  0:37  Drone  
  15  0:38  Drone  
  17  0:47  Drone  
  18  0:51  Spawning Pool  
  17  0:58  Drone  
  18  1:08  Drone  
  18  1:09  Extractor  
  19  1:20  Drone  
  20  1:31  Extractor  
  19  1:38  Queen  
  21  1:43  Drone  
  21  1:45  Roach Warren  
  21  1:48  Hatchery  
  20  1:56  Drone x2  
  22  2:11  Overlord  
  22  2:29  Queen  
  24  2:31  Roach x2  
  24  2:35  Roach  
  30  2:56  Evolution Chamber  
  29  3:01  Drone  
  29  3:02  Drone  
  29  3:03  Hatchery, Drone x2  
  32  3:06  Drone  
  33  3:17  Drone  
  33  3:18  Drone x2  
  36  3:24  Overlord  
  36  3:42  Overlord  
  36  3:44  Drone x2  
  36  3:45  Metabolic Boost  
  36  3:47  Drone x3  
  41  4:03  Drone x2  
  41  4:04  Drone x4  
  48  4:10  Drone  
  48  4:11  Drone  
  47  4:18  Hatchery  
  47  4:20  Drone  
  47  4:21  Drone  
  44  4:24  Queen  
  44  4:29  Drone x2  
  49  4:31  Drone x2  
  50  4:38  Overlord  
  50  4:45  Zerg Melee Weapons Level 1  
  50  4:47  Extractor  
  50  4:48  Drone, Overlord  
  50  4:51  Overlord  
  50  4:53  Overlord  
  50  4:56  Queen  
  50  4:57  Zergling x4  
  50  4:59  Drone  
  56  5:00  Drone  
  56  5:02  Zergling x4  
  56  5:05  Overlord  
  58  5:10  Evolution Chamber, Zergling x4  
  58  5:12  Drone x2  
  62  5:14  Zergling x2  
  62  5:16  Drone  
  62  5:20  Drone x2  
  62  5:21  Spore Crawler  
  64  5:22  Drone  
  64  5:26  Drone x3  
  68  5:32  Drone  
  68  5:33  Drone x2  
  69  5:38  Zergling x4  
  69  5:41  Zergling x2  
  70  5:45  Zergling x6  
  70  5:46  Zergling x4  
  74  5:51  Zergling x6  
  74  5:52  Zergling x2  
  74  5:54  Zergling x2  
  74  5:55  Zergling x2  
  76  6:03  Drone x2  
  77  6:05  Drone x4  
  77  6:06  Drone  
  77  6:09  Drone  
  78  6:20  Drone  
  78  6:21  Drone x5  
  78  6:22  Drone x2  
  78  6:24  Drone x2  
  78  6:25  Drone x3  
  89  6:29  Zerg Ground Armor Level 1  
  90  6:34  Lair  
  90  6:35  Drone x2  
  92  6:42  Extractor  
  92  6:45  Extractor  
  87  6:47  Drone x3  
  87  6:50  Drone x2  
  87  6:51  Drone  
  88  7:00  Drone  
  88  7:01  Drone x6  
  86  7:02  Drone  
  86  7:05  Drone  
  89  7:11  Drone x5  
  89  7:12  Drone x2  
  95  7:15  Extractor  
  95  7:16  Queen, Extractor  
  95  7:20  Overlord  
  95  7:26  Overlord  
  95  7:32  Overlord  
  95  7:33  Overlord  
  95  7:38  Queen, Overlord  
  95  7:39  Zergling x8  
  95  7:40  Zergling x4  
  95  7:41  Overlord  
  103  7:47  Overlord  
  103  7:48  Overlord  
  103  7:50  Pneumatized Carapace  
  103  7:54  Infestation Pit  
  103  7:57  Spire  
  101  8:00  Zergling x8  
  101  8:01  Zergling x6  
  101  8:02  Zergling x4  
  101  8:03  Baneling Nest  
  101  8:05  Hatchery  
  106  8:06  Zergling x2  
  106  8:10  Zergling x4  
  106  8:11  Hatchery  
  106  8:12  Queen, Zergling x6  
  111  8:14  Zergling x2  
  113  8:20  Zergling x4  
  113  8:24  Zergling x6  
  113  8:25  Zergling x2  
  113  8:26  Zergling x8  
  121  8:32  Zerg Ground Armor Level 2  
  121  8:33  Zerg Melee Weapons Level 2  
  121  8:35  Zergling x2  
  121  8:38  Zergling x4  
  121  8:39  Zergling x4  
  121  8:40  Zergling x6  
  123  8:43  Zergling x2  
  124  8:50  Zergling x4  
  124  8:53  Zergling x2  
  124  8:54  Zergling x2  
  128  8:55  Zergling x4  
  128  8:56  Zergling x2  
  120  9:07  Zergling x4  
  120  9:08  Zergling x4  
  120  9:09  Zergling x6  
  120  9:12  Zergling x4  
  120  9:16  Zergling x8  
  126  9:17  Hive, Centrifical Hooks  
  126  9:21  Queen  
  128  9:24  Zergling x8  
  129  9:33  Zergling x6  
  125  9:45  Zergling x2  
  125  9:46  Zergling x12  
  125  9:47  Zergling x2  
  125  9:49  Zergling x2  
  125  9:51  Zergling x2  
  129  9:57  Zergling x6  
  129  9:58  Zergling x2  
  129  9:59  Zergling x2  
  126  10:02  Zergling x2  
  126  10:03  Zergling x4  
  121  10:12  Queen  
  123  10:14  Zergling x6  
  123  10:15  Baneling, Zergling x2  
  123  10:16  Baneling x17  
  123  10:17  Baneling x3, Overseer x2  
  123  10:21  Zergling x4, Overlord  
  127  10:22  Zergling x4  
  127  10:24  Baneling x2  
  127  10:25  Baneling x2  
  127  10:26  Corruptor  
  127  10:27  Corruptor x2  
  137  10:32  Zergling x4  
  137  10:35  Zergling x4  
  139  10:39  Zergling x2  
Show
View Real Time Build Order
Export as new Build Order

hirekui Terran 

Build Orders: Reaper Expand, MMM Bio 

Get SALT Encoding   

  12  0:01  SCV  
  13  0:13  SCV  
  14  0:17  Supply Depot  
  14  0:25  SCV  
  15  0:39  SCV  
  15  0:42  Barracks  
  16  0:45  Refinery  
  16  0:51  SCV  
  17  1:04  SCV  
  18  1:16  SCV  
  19  1:29  Orbital Command  
  19  1:30  Reaper  
  20  1:41  Command Center  
  20  1:54  Supply Depot  
  20  1:55  SCV  
  21  2:02  Marine  
  21  2:07  SCV  
  21  2:08  Refinery  
  23  2:11  Factory  
  23  2:22  Barracks Reactor  
  23  2:24  SCV  
  24  2:38  SCV  
  25  2:50  SCV  
  26  2:56  Factory Tech Lab  
  26  2:57  Starport, Bunker  
  26  2:58  Orbital Command  
  26  3:01  Marine x2  
  26  3:02  SCV  
  29  3:14  SCV  
  29  3:16  Supply Depot  
  29  3:19  Marine x2  
  32  3:32  Siege Tank  
  35  3:37  Marine x2  
  35  3:39  SCV, Viking  
  40  3:43  SCV, Supply Depot  
  41  3:51  SCV  
  41  3:55  SCV  
  40  4:03  SCV  
  40  4:08  SCV  
  41  4:15  SCV  
  38  4:20  SCV  
  38  4:22  Medivac  
  43  4:28  SCV  
  44  4:35  SCV  
  42  4:47  SCV x2  
  42  4:48  Command Center  
  44  4:58  Refinery  
  44  5:00  SCV x2  
  44  5:03  Refinery  
  46  5:08  Engineering Bay  
  46  5:09  Engineering Bay  
  46  5:12  SCV x2  
  48  5:16  Liberator  
  48  5:19  Factory Tech Lab  
  48  5:22  Stimpack  
  48  5:24  SCV x2  
  50  5:34  Marine  
  54  5:36  SCV x2, Terran Infantry Weapons Level 1  
  56  5:45  Terran Infantry Armor Level 1  
  56  5:48  SCV  
  56  5:49  SCV  
  51  6:01  SCV x2  
  53  6:06  Marine  
  54  6:13  Orbital Command  
  54  6:19  SCV  
  54  6:20  Barracks  
  54  6:24  Marine  
  53  6:31  SCV  
  54  6:35  SCV, Barracks x3  
  53  6:49  Marine  
  49  7:07  Marine, SCV x3  
  48  7:12  Marine x2  
  48  7:15  Widow Mine  
  52  7:19  SCV x2, Supply Depot x2  
  52  7:21  SCV  
  55  7:24  Marine, Refinery  
  55  7:27  Barracks Reactor x2  
  55  7:28  Starport Reactor  
  55  7:29  Barracks Reactor  
  56  7:31  SCV  
  56  7:33  Armory  
  57  7:37  SCV  
  57  7:38  Orbital Command  
  58  7:44  SCV  
  58  7:49  Marine x3  
  62  7:57  SCV x2  
  64  8:03  SCV, Factory Reactor  
  65  8:06  Marine x3  
  65  8:09  SCV  
  65  8:10  SCV  
  70  8:13  Medivac x2  
  70  8:15  SCV  
  75  8:21  SCV  
  75  8:23  SCV  
  77  8:28  SCV, Supply Depot  
  77  8:30  Marine  
  77  8:31  Marine x8, Missile Turret  
  77  8:32  Terran Infantry Weapons Level 2  
  77  8:33  SCV  
  88  8:34  Terran Infantry Armor Level 2  
  88  8:35  SCV  
  88  8:40  SCV  
  81  8:45  SCV  
  81  8:47  SCV  
  82  8:49  Marine x5  
  82  8:50  Marine x4  
  82  8:52  SCV  
  89  8:57  SCV  
  89  8:59  SCV  
  84  9:10  Marine x6  
  84  9:11  SCV x2  
  84  9:12  SCV  
  84  9:17  Marine  
  93  9:22  Combat Shields  
  93  9:23  SCV x2, Medivac x2  
  100  9:25  SCV  
  100  9:31  Widow Mine  
  101  9:35  SCV  
  93  9:39  Marine x4  
  93  9:40  Missile Turret  
  93  9:42  SCV x2  
  93  9:43  Missile Turret  
  96  9:48  SCV  
  91  9:54  SCV x2  
  86  10:01  SCV, Marine x9  
  86  10:06  SCV x2  
  91  10:13  SCV  
  92  10:18  SCV x2  
  92  10:19  Marine x7  
  101  10:28  Medivac x2, Widow Mine x2  
  101  10:29  Supply Depot  
  101  10:32  Supply Depot  
  109  10:43  SCV x2  
  109  10:50  SCV  
Tags
 
Add a new tag
Caveats
  • Supply blocks, unpowered buildings, or Contaminate may cause inaccurate times.
  • Supply counts are checked every 10 seconds.